Workbook

Sheet Anexo V-B - Consolidado
A2: ANEXO V-B – MODELO PLANILHA ESTIMATIVA DE CUSTOS CONSOLIDADA - SÃO LUÍS
A5: QUADRO RESUMO DO CUSTO ANUAL COM MÃO-DE-OBRA, INSUMOS E DEMAIS COMPONENTES
A7: Item | B7: Discriminação | C7: Custo Mensal (R$) | D7: Meses | E7: Custo Anual (R$) | F7: % do Custo
A8: 1 | B8: MÃO-DE-OBRA (SERVIÇOS PREVENTIVOS E CORRETIVOS) - ANEXO V-B.2
A9: 1.1 | B9: Equipe Técnica Administrativa - ANEXO V-B.2 | C9: ='Anexo V-B.2 - Mão_de_Obra'!C105 -> 0 | D9: 12 | E9: =C9*D9 -> 0 | F9: =E9/$E$12 -> #DIV/0!
A10: 1.2 | B10: Equipe Técnica - ANEXO V-B.2 | C10: ='Anexo V-B.2 - Mão_de_Obra'!D105+'Anexo V-B.2 - Mão_de_Obra'!E105 -> 0 | D10: 12 | E10: =C10*D10 -> 0 | F10: =E10/$E$12 -> #DIV/0!
E11: 0 | F11: 0
B12: TOTAL MÃO-DE-OBRA | C12: =C9+C10 -> 0 | E12: =E9+E10 -> 0 | F12: =SUM(F9:F11) -> #DIV/0!
A14: 2 | B14: DEMAIS INSUMOS
A15: 2.1 | B15: Estimativa de Pernoite e Alimentação (Jantar) - ANEXO V-B.3 | C15: ='Anexo V-B.3Transporte_+_Diárias'!G47 -> 0 | D15: 12 | E15: =C15*D15 -> 0 | F15: =E15/$E$21 -> #DIV/0!
A16: 2.2 | B16: Estimativa – Desloc. Veículo Manut. - ANEXO V-B.3 | C16: ='Anexo V-B.3Transporte_+_Diárias'!F50+'Anexo V-B.3Transporte_+_Diárias'!F51 -> 0 | D16: 12 | E16: =C16*D16 -> 0 | F16: =E16/$E$21 -> #DIV/0!
A17: 2.3 | B17: Estimativa - Pedágio e outras Tarifas - ANEXO V-B.3 | C17: ='Anexo V-B.3Transporte_+_Diárias'!F16 -> 0 | D17: 12 | E17: =C17*D17 -> 0 | F17: =E17/$E$21 -> #DIV/0!
A18: 2.4 | B18: Estimativa p/Despesas c/Transporte - Ônibus Rodoviário - ANEXO V-B.3 | C18: 0 | D18: 12 | E18: 0 | F18: =E18/$E$21 -> #DIV/0!
A19: 2.5 | B19: Materiais e Insumos (Circulante) - ANEXO V-B.4 | C19: ='Anexo V-B.4-Materiais_e_Ins'!H43 -> 0 | D19: 12 | E19: =C19*D19 -> 0 | F19: =E19/$E$21 -> #DIV/0!
A20: 2.6 | B20: Equipamentos Gerais / Equipamentos de Proteção e Sinalização - ANEXO V-B.5 | C20: ='Anexo V-B.5- Equipam. Trabalh'!H19*1 -> 0 | D20: 12 | E20: =C20*D20 -> 0 | F20: =E20/$E$21 -> #DIV/0!
B21: TOTAL OUTROS INSUMOS | C21: =SUM(C15:C20) -> 0 | E21: =SUM(E15:E20) -> 0 | F21: =SUM(F15:F20) -> #DIV/0!
A23: 3 | B23: TAXA DE BENEFÍCIOS E DESPESAS INDIRETAS – BDI - Anexo V-B.8
A24: 3.1 | B24: BDI Referencial | F24: ='Anexo V-B.8- BDI'!D31 -> 0
A25: 3.2 | B25: BDI Diferenciado | F25: ='Anexo V-B.8- BDI'!I31 -> 0
A27: 4 | B27: SERVIÇOS PREVENTIVOS E CORRETIVOS - Anexos V-B.1 a V-B.5
A28: 4.1 | B28: Custos dos Serviços Preventivos e Corretivos S/ BDI | C28: =C12+C21 -> 0 | D28: 12 | E28: =C28*D28 -> 0 | F28: =E28/E29 -> #DIV/0!
A29: 4.2 | B29: Custos dos Serviços Preventivos e Corretivos C/ BDI | C29: =C28*(1+F24) -> 0 | D29: 12 | E29: =C29*D29 -> 0 | F29: 1
A31: 5 | B31: PEÇAS SOB DEMANDA - Anexo V-B.6
A32: 5.1 | B32: Custos das Peças sob Demanda S/ BDI - ANEXO V-B.6 | C32: ='Anexo V-B.6 - Peças sob Demanda'!H86 -> 0 | D32: 12 | E32: =C32*D32 -> 0 | F32: =E32/E33 -> #DIV/0!
A33: 5.2 | B33: Custos das Peças sob Demanda C/ BDI – ANEXO V-B.6 | C33: =C32*(1+F25) -> 0 | D33: 12 | E33: =C33*D33 -> 0 | F33: 1
A35: 6 | B35: SERVIÇOS EVENTUAIS - Anexo V-B.7
A36: 6.1 | B36: Custos dos Serviços Eventuais S/ BDI - ANEXO V-B.7 | C36: ='Anexo V-B.7- Serviços_Eventuais'!H13 -> 0 | D36: 12 | E36: =C36*D36 -> 0 | F36: =E36/E37 -> #DIV/0!
A37: 6.2 | B37: Custos dos Serviços Eventuais C/ BDI – ANEXO V-B.7 | C37: =C36*(1+F24) -> 0 | D37: 12 | E37: =C37*D37 -> 0 | F37: 1
A39: 7 | B39: VALOR TOTAL DOS SERVIÇOS PREVENTIVOS E CORRETIVOS (S/ SERVIÇOS EVENTUAIS E S/ PEÇAS SOB DEMANDA) - Anexos V-B.1 a V-B.3 | C39: =C29 -> 0 | D39: 12 | E39: =C39*D39 -> 0 | F39: =E39/E46 -> #DIV/0!
A41: 8 | B41: VALOR TOTAL DAS PEÇAS SOB DEMANDA - Anexo V-B.6 | C41: =C33 -> 0 | D41: 12 | E41: =C41*D41 -> 0 | F41: =E41/E46 -> #DIV/0!
A42: 8.1 | B42: DESCONTO OFERECIDO PELA LICITANTE EM PERCENTUAL | E42: ______%
A43: 9 | B43: VALOR TOTAL DOS SERVIÇOS EVENTUAIS - Anexo V-B.7 | C43: =C37 -> 0 | D43: 12 | E43: =C43*D43 -> 0 | F43: =E43/E46 -> #DIV/0!
A44: 9.1 | B44: DESCONTO OFERECIDO PELA LICITANTE EM PERCENTUAL | E44: ______%
A46: 10 | B46: VALOR TOTAL DOS SERVIÇOS PREVENTIVOS E CORRETIVOS (C/ SERVIÇOS EVENTUAIS E C/ PEÇAS SOB DEMANDA) | C46: =C39+C41+C43 -> 0 | D46: 12 | E46: =C46*D46 -> 0 | F46: 1
A48: TOTAL DE EQUIPAMENTOS | E48: 317 | F48: Equipamentos
A49: CUSTO MÉDIO MENSAL POR EQUIPAMENTO | E49: =C46/E48 -> 0 | F49: R$/Equip.
A50: CUSTO MÉDIO MENSAL POR EQUIPAMENTO - Sem SERVIÇOS EVENTUAIS | E50: =(C46-C43)/E48 -> 0 | F50: R$/Equip.

Sheet Anexo V-B.1 - Memória_Cálculo
A1: ANEXO V-B.1 – MODELO PLANILHA ESTIMATIVA DE CUSTOS CONSOLIDADA - SÃO LUÍS
A3: MEMÓRIA DE CÁLCULO - PLANILHA DE CUSTOS E FORMAÇÃO DE PREÇOS DE MÃO DE OBRA
A5: REFERÊNCIAS PARA O SALÁRIO NORMATIVO: | B5: PROFISSIONAIS NECESSÁRIOS | C5: FUNCIONÁRIO (CBO)
B6: SALÁRIO NORMATIVO DA CATEGORIA | C6: SALÁRIO NORMATIVO
C7: FONTE
A9: CUSTOS | B9: PERCENTUAIS E VALORES DE REFERÊNCIA
A10: MÓDULO 1: COMPOSIÇÃO DA REMUNERAÇÃO
A11: 1 - Composição da Remuneração | C11: Valor (R$)
A12: A - Salário Base | C12: SALÁRIO NORMATIVO
A13: B - Adicional por atividade CCT
A14: C - Adicional insalubridade / periculosidade | C14: ADICIONAL POR ATIVIDADE
A15: D - Adicional noturno
A16: E - Adicional de Hora Noturna Reduzida
A17: F - Adicional de Hora Extra no Feriado Trabalhado
A18: G - Outros (especificar) | B18: 0.25 | C18: Convenção Coletiva de Trabalho ( Profisional Qualificado)
A19: TOTAL DO MÓDULO 1 (COMPOSIÇÃO DA REMUNERAÇÃO) | C19: SOMA DOS VALORES DO MÓDULO
A21: MÓDULO 2: ENCARGOS E BENEFÍCIOS ANUAIS, MENSAIS E DIÁRIOS
A22: Submódulo 2.1 - 13º Salário e Adicional de Férias
A23: 2.1 - 13º Salário, Férias e Adicional de Férias | C23: Valor (R$)
A24: A - 13º salário | B24: 0.0833 | C24: 1/12 = 8,33
A25: B – Férias + Adicional de Férias | B25: 0.027766667 | C25: 1/12*1/3 = 2,78
A26: TOTAL DE 13º SALÁRIO E ADICIONAL DE FÉRIAS | B26: 0.11106667 | C26: SOMA 2.1
A27: Submódulo 2.2 - Encargos previdenciários e FGTS
A28: 2.2 - Encargos previdenciários e FGTS (incide sobre modulo 1 e submódulo 2.2) | C28: Valor (R$)
A29: A - INSS | B29: 0.1 | C29: DESONERADA / NÃO DESONERADA
A30: B - Salário Educação | B30: 0.025 | C30: Fundamentação: art. 3º, inciso I, do Decreto nº 87.043/8
A31: C - Seguro Acidente do Trabalho/SAT/INSS | B31: 0.03 | C31: art. 22, inciso II, alíneas ‘b’ e ‘c’, da Lei nº 8.212/91
A32: D - SESI ou SESC | B32: 0.015 | C32: art. 30 da Lei nº 8.036/90 e art. 1º da Lei nº 8.154/90.
A33: E - SENAI ou SENAC | B33: 0.01 | C33: Decreto-Lei nº 2.318/86
A34: F - SEBRAE | B34: 0.006 | C34: Lei nº 8.029/90, alterada pela Lei nº 8.154/90.
A35: G - INCRA | B35: 0.002 | C35: art. 1º, inciso I, do Decreto-Lei nº 1.146/70
A36: F - FGTS | B36: 0.08 | C36: art. 15 da Lei nº 8.036/90 e art. 7º, inciso III, da Constituição Federal de 1988.
A37: TOTAL DE ENCARGOS PREVIDENCIÁRIOS E FGTS | B37: =SUM(B29:B36) -> 0.268 | C37: SOMA 2.2
A38: Submódulo 2.3 – Benefícios Mensais e Diários
A39: 2.3 - Benefícios Mensais e Diários | C39: Valor (R$)
A40: A - Transporte | C40: VALOR TRANSPORTE OFICIAL
A41: B - Auxílio alimentação (Vales, cesta básica etc.) | C41: VALOR CONVENÇÃO COLETIVA
A42: C - Assistência médica e familiar | C42: 0
A43: D - Auxílio creche | C43: 0
A44: E - Seguro de vida, invalidez e funeral | C44: 0
A45: F - Outros (especificar) | C45: 0
A46: TOTAL DOS BENEFÍCIOS MENSAIS E DIÁRIOS | C46: SOMA 2.3
A47: QUADRO RESUMO - MÓDULO 2- ENCARGOS E BENEFÍCIOS ANUAIS, MENSAIS E DIÁRIOS | C47: Valor (R$)
A48: 2.1 - 13º Salário e Adicional de Férias | B48: 0.11106667 | C48: SOMA 2.1
A49: 2.2 - Encargos previdenciários e FGTS | B49: =B37 -> 0.268 | C49: SOMA 2.2
A50: 2.3 - Benefícios Mensais e Diários | C50: SOMA 2.3
A51: TOTAL DO MÓDULO 2 (ENCARGOS E BENEFÍCIOS ANUAIS, MENSAIS E DIÁRIOS) | C51: SOMA DOS VALORES DO MÓDULO
A53: MÓDULO 3: PROVISÃO PARA RESCISÃO
A54: 3 - Provisão para Rescisão | C54: Valor (R$)
A55: A - Aviso prévio indenizado | B55: 0.0042 | C55: 1 SALÁRIO X 1/12 SALÁRIO NÃO TRABALHADO X 5 % (ESTAÍSTICA) = 0,42 | E55: 1 SALÁRIO X 1/12 SALÁRIO NÃO TRABALHADO X 5 % (ESTATÍSTICA)
A56: B - Incidência do FGTS sobre Aviso Prévio Indenizado | B56: 0.0003 | C56: 8% FGTS X AVISO PRÉVIO INDENIZADO
A57: C - Multa do FGTS e Contribuição Social sobre o aviso prévio indenizado | B57: 0.0013952 | C57: AVISO PRÉVIO INDENIZADO x FGTS x 40%
A58: D - Aviso prévio trabalhado | B58: 0.0194 | C58: ((1 remuneração integral / 30 dias) x 7 dias) / 12 meses | E58: ((1 remuneração integral / 30 dias) x 7 dias) / 12 meses
A59: E - Incidência de GPS, FGTS e outras contribuições (submódulo 2.2) sobre o Aviso Prévio Trabalhado | B59: 0.0052 | C59: SOMA 2.2 x Aviso Prévio Trabalhado
A60: F -Multa do FGTS e contribuição social sobre o Aviso Prévio Trabalhado | B60: 0.0344 | C60: FGTS 8% X 40% MULTA X 0,9 (ESTATISTICA) X (1 + 1/12 +1/12 + 1/3*1/12)( SALÁRIO + DECIMO TERCEIRO + FÉRIAS + ADICIONAL)
A61: TOTAL DO MÓDULO 3 (PROVISÃO PARA RESCISÃO) | B61: =SUM(B55:B60) -> 0.0648952 | C61: SOMA DOS VALORES DO MÓDULO
A63: MÓDULO 4: CUSTO DE REPOSIÇÃO DO PROFISSIONAL AUSENTE
A64: Submódulo 4.1 – Ausências Legais
A65: 4.1 - Substituto nas Ausências Legais (incide sobre os modulos 1,2 e 3) | C65: Valor (R$)
A66: A - Substituto na Cobertura de Férias | B66: 0.0833 | C66: 1/12 = 8,33
A67: B - Substituto na Cobertura de Ausências Legais | B67: 0.0056 | C67: ENCARGOS SOCIAIS SINAPI ( TABELA MARANHÃO - VIGÊNCIA 01/2026)
A68: C - Substituto na Cobertura de Licença Paternidade | B68: 0.0005 | C68: ENCARGOS SOCIAIS SINAPI ( TABELA MARANHÃO - VIGÊNCIA 01/2026)
A69: D - Substituto na Cobertura de Ausência por Acidente de Trabalho | B69: 0.0002 | C69: ENCARGOS SOCIAIS SINAPI ( TABELA MARANHÃO - VIGÊNCIA 01/2026)
A70: E - Substituto na Cobertura de Afastamento Maternidade | B70: 0.0003 | C70: ENCARGOS SOCIAIS SINAPI ( TABELA MARANHÃO - VIGÊNCIA 01/2026)
A71: F - Substituto na Cobertura de Doenças | B71: 0.0067 | C71: ENCARGOS SOCIAIS SINAPI ( TABELA MARANHÃO - VIGÊNCIA 01/2026)
A72: G - Substituto na Cobertura de Outras Ausências (testemunho, doação de sangue, etc.) | B72: 0 | C72: ENCARGOS SOCIAIS SINAPI ( TABELA MARANHÃO - VIGÊNCIA 01/2026)
A73: TOTAL DOS CUSTOS DE REPOSIÇÃO DO PROFISSIONAL AUSENTE | B73: =SUM(B66:B72) -> 0.0966 | C73: SOMA 4.1
A74: 4.2 - Incidência do Submódulo 2.2 sobre o Módulo 4 | B74: 0.026 | C74: SOMA 2.2 X SOMA 4.1
A75: TOTAL DO MÓDULO 4 (CUSTO DE REPOSIÇÃO DO PROFISSIONAL AUSENTE) | B75: 0.1229 | C75: SOMA DOS VALORES DO MÓDULO
A77: MÓDULO 5: INSUMOS DIVERSOS
A78: 5 – INSUMOS DIVERSOS | C78: Valor (R$)
A79: A – Uniformes | C79: 0
A80: B – Materiais | C80: 0
A81: C – Equipamentos | C81: 0
A82: D - Outros (especificar) | C82: 0
A83: TOTAL DO MÓDULO 5 (INSUMOS DIVERSOS) | C83: 0
A85: QUADRO RESUMO DO CUSTO MENSAL POR EMPREGADO
A86: Mão-de-obra vinculada à execução contratual (valor por empregado) | C86: Valor (R$)
A87: A - MÓDULO 1 - COMPOSIÇÃO DA REMUNERAÇÃO | C87: SOMA DOS VALORES DO MÓDULO
A88: B - MÓDULO 2 - ENCARGOS E BENEFÍCIOS ANUAIS, MENSAIS E DIÁRIOS | C88: SOMA DOS VALORES DO MÓDULO
A89: C - MÓDULO 3 - PROVISÃO PARA RESCISÃO | C89: SOMA DOS VALORES DO MÓDULO
A90: D – MÓDULO 4 - CUSTO DE REPOSIÇÃO DO PROFISSIONAL AUSENTE | C90: SOMA DOS VALORES DO MÓDULO
A91: D - MÓDULO 5 - INSUMOS DIVERSOS | C91: 0
A92: VALOR TOTAL POR EMPREGADO | C92: 0
A94: PERCENTUAL MENSAL POR EMPREGADO | C94: 1
A95: VALOR TOTAL MENSAL POR EMPREGADO | C95: 0
A97: OBSERVAÇÃO: A LICITANTE É RESPONSÁVEL PELO CORRETO PREENCHIMENTO, INCLUSIVE QUANTO A VERIFICAÇÃO DE FÓRMULAS DE CÁLCULO DA PLANILHA.
A98: A licitante deve adotar a correta tributação à qual esteja vinculada e caso tenha havido erro, e a tributação real seja pela CPRB, será promovido o reequilíbrio dos valores pactuados para correção da falha, caso contrário a empresa deve arcar com o ônus de seu equívoco, conforme notas introdutórias das minutas padrão do INSS;
A99: Acórdão nº 1.186/2017 - Plenário, segundo o qual, nas licitações para contratação de mão de obra terceirizada, a Administração "deve estabelecer na minuta do contrato que a parcela mensal a título de aviso prévio trabalhado será no percentual máximo de 1,94% no primeiro ano, e, em caso de prorrogação do contrato, o percentual máximo dessa parcela será de 0,194% a cada ano de prorrogação, a ser incluído por ocasião da formulação do aditivo da prorrogação do contrato, conforme a Lei 12.506/2011" (Enunciado do Boletim de Jurisprudência nº 176/2017)

Sheet Anexo V-B.2 - Mão_de_Obra
A2: ANEXO V-B.2 –MODELO PLANILHA DE CUSTOS E FORMAÇÃO DE PREÇOS DE MÃO DE OBRA - SÃO LUÍS
A6: PLANILHA DE CUSTOS E FORMAÇÃO DE PREÇOS DE MÃO DE OBRA
B8: SÃO LUÍS
B9: NÚMERO DE REGISTRO:
B10: DATA BASE DA CATEGORIA:
C14: EQUIPE TÉCNICA ADMINISTRATIVA | D14: EQUIPE TÉCNICA
A15: REFERÊNCIAS PARA O SALÁRIO NORMATIVO: | B15: PROFISSIONAIS NECESSÁRIOS | C15: 1) Supervisor / Encarregado de manutenção de aparelhos térmicos, de climatização e de refrigeração (CBO-9101-10) | D15: 2) Mecânico de refrigeração – (CBO 7257-05) | E15: 3) Auxiliar técnico de refrigeração (CBO 9112-05 )
B16: SALÁRIO NORMATIVO DA CATEGORIA | C16: 0 | D16: 0 | E16: 0
A19: CUSTOS | B19: PERCENTUAIS E VALORES DE REFERÊNCIA
A20: MÓDULO 1: COMPOSIÇÃO DA REMUNERAÇÃO
A21: 1 - Composição da Remuneração | C21: Valor (R$) | D21: Valor (R$) | E21: Valor (R$)
A22: A - Salário Base | C22: =C16 -> 0 | D22: =D16 -> 0 | E22: =E16 -> 0
A23: B - Adicional por atividade (CCT)
A24: C - Adicional Periculosidade
A25: D - Adicional noturno
A26: E - Adicional de Hora Noturna Reduzida
A27: F - Adicional de Hora Extra no Feriado Trabalhado
A28: G - Outros (especificar) - | B28: 0 | D28: =D22*0.25 -> 0
A29: TOTAL DO MÓDULO 1 (COMPOSIÇÃO DA REMUNERAÇÃO) | C29: =SUM(C22:C28) -> 0 | D29: =SUM(D22:D28) -> 0 | E29: =SUM(E22:E28) -> 0
A31: MÓDULO 2: ENCARGOS E BENEFÍCIOS ANUAIS, MENSAIS E DIÁRIOS
A32: Submódulo 2.1 - 13º Salário e Adicional de Férias
A33: 2.1 - 13º Salário, Férias e Adicional de Férias | C33: Valor (R$) | D33: Valor (R$) | E33: Valor (R$)
A34: A - 13º salário | B34: 0.0833 | C34: =C29*$B$34 -> 0 | D34: =D29*$B$34 -> 0 | E34: =E29*$B$34 -> 0
A35: B – Férias + Adicional de Férias | B35: =B34*(1/3) -> 0.027766667 | C35: =C29*$B$35 -> 0 | D35: =D29*$B$35 -> 0 | E35: =E29*$B$35 -> 0
A36: TOTAL DE 13º SALÁRIO E ADICIONAL DE FÉRIAS | B36: =SUM(B34:B35) -> 0.11106667 | C36: =C34+C35 -> 0 | D36: =D34+D35 -> 0 | E36: =E34+E35 -> 0
A37: Submódulo 2.2 - Encargos previdenciários e FGTS
A38: 2.2 - Encargos previdenciários e FGTS | C38: Valor (R$) | D38: Valor (R$) | E38: Valor (R$)
A39: A - INSS | B39: 0.1 | C39: =$B39*(C$29+C$36) -> 0 | D39: =$B39*(D$29+D$36) -> 0 | E39: =$B39*(E$29+E$36) -> 0
A40: B - Salário Educação | B40: 0.025 | C40: =$B40*(C$29+C$36) -> 0 | D40: =$B40*(D$29+D$36) -> 0 | E40: =$B40*(E$29+E$36) -> 0
A41: C - Seguro Acidente do Trabalho/SAT/INSS | B41: 0.03 | C41: =$B41*(C$29+C$36) -> 0 | D41: =$B41*(D$29+D$36) -> 0 | E41: =$B41*(E$29+E$36) -> 0
A42: D - SESI ou SESC | B42: 0.015 | C42: =$B42*(C$29+C$36) -> 0 | D42: =$B42*(D$29+D$36) -> 0 | E42: =$B42*(E$29+E$36) -> 0
A43: E - SENAI ou SENAC | B43: 0.01 | C43: =$B43*(C$29+C$36) -> 0 | D43: =$B43*(D$29+D$36) -> 0 | E43: =$B43*(E$29+E$36) -> 0
A44: F - SEBRAE | B44: 0.006 | C44: =$B44*(C$29+C$36) -> 0 | D44: =$B44*(D$29+D$36) -> 0 | E44: =$B44*(E$29+E$36) -> 0
A45: G - INCRA | B45: 0.002 | C45: =$B45*(C$29+C$36) -> 0 | D45: =$B45*(D$29+D$36) -> 0 | E45: =$B45*(E$29+E$36) -> 0
A46: F - FGTS | B46: 0.08 | C46: =$B46*(C$29+C$36) -> 0 | D46: =$B46*(D$29+D$36) -> 0 | E46: =$B46*(E$29+E$36) -> 0
A47: TOTAL DE ENCARGOS PREVIDENCIÁRIOS E FGTS | B47: =SUM(B39:B46) -> 0.268 | C47: =SUM(C39:C46) -> 0 | D47: =SUM(D39:D46) -> 0 | E47: =SUM(E39:E46) -> 0
A48: Submódulo 2.3 – Benefícios Mensais e Diários
A49: 2.3 - Benefícios Mensais e Diários | C49: Valor (R$) | D49: Valor (R$) | E49: Valor (R$)
A50: A - Transporte | B50: 0 | C50: =IF(($B$50*22*2-0.06*(22/30)*C16)<0,0,$B$50*22*2-0.06*(22/30)*C16) -> 0 | D50: =IF(($B$50*22*2-0.06*(22/30)*D16)<0,0,$B$50*22*2-0.06*(22/30)*D16) -> 0 | E50: =IF(($B$50*22*2-0.06*(22/30)*E16)<0,0,$B$50*22*2-0.06*(22/30)*E16) -> 0
A51: B - Auxílio alimentação (Vales, cesta básica etc.) | C51: =$B$51 -> 0 | D51: =$B$51 -> 0 | E51: =$B$51 -> 0
A52: C - Assistência médica e familiar | C52: 0 | D52: 0 | E52: 0
A53: D - Auxílio creche | C53: 0 | D53: 0 | E53: 0
A54: E - Seguro de vida, invalidez e funeral | C54: 0 | D54: 0 | E54: 0
A55: F - Outros (especificar) | C55: 0 | D55: 0 | E55: 0
A56: TOTAL DOS BENEFÍCIOS MENSAIS E DIÁRIOS | C56: =C50+C51 -> 0 | D56: =D50+D51 -> 0 | E56: =E50+E51 -> 0
A57: QUADRO RESUMO - MÓDULO 2- ENCARGOS E BENEFÍCIOS ANUAIS, MENSAIS E DIÁRIOS | C57: Valor (R$) | D57: Valor (R$) | E57: Valor (R$)
A58: 2.1 - 13º Salário e Adicional de Férias | B58: =B36 -> 0.11106667 | C58: =C36 -> 0 | D58: =D36 -> 0 | E58: =E36 -> 0
A59: 2.2 - Encargos previdenciários e FGTS | B59: =B47 -> 0.268 | C59: =C47 -> 0 | D59: =D47 -> 0 | E59: =E47 -> 0
A60: 2.3 - Benefícios Mensais e Diários | C60: =C56 -> 0 | D60: =D56 -> 0 | E60: =E56 -> 0
A61: TOTAL DO MÓDULO 2 (ENCARGOS E BENEFÍCIOS ANUAIS, MENSAIS E DIÁRIOS) | C61: =SUM(C58:C60) -> 0 | D61: =SUM(D58:D60) -> 0 | E61: =SUM(E58:E60) -> 0
A63: MÓDULO 3: PROVISÃO PARA RESCISÃO
A64: 3 - Provisão para Rescisão | C64: Valor (R$) | D64: Valor (R$) | E64: Valor (R$)
A65: A - Aviso prévio indenizado | B65: 0.0042 | C65: =$B65*C$29 -> 0 | D65: =$B65*D$29 -> 0 | E65: =$B65*E$29 -> 0
A66: B - Incidência do FGTS sobre Aviso Prévio Indenizado | B66: =B46*B65 -> 0.000336 | C66: =$B66*C$29 -> 0 | D66: =$B66*D$29 -> 0 | E66: =$B66*E$29 -> 0
A67: C - Multa do FGTS e Contribuição Social sobre o aviso prévio indenizado | B67: =B46*0.4*B65 -> 0.0001344 | C67: =$B67*C$29 -> 0 | D67: =$B67*D$29 -> 0 | E67: =$B67*E$29 -> 0
A68: D - Aviso prévio trabalhado | B68: 0.0194 | C68: =$B68*C$29 -> 0 | D68: =$B68*D$29 -> 0 | E68: =$B68*E$29 -> 0
A69: E - Incidência de GPS, FGTS e outras contribuições (submódulo 2.2) sobre o Aviso Prévio Trabalhado | B69: =B47*B68 -> 0.0051992 | C69: =$B69*C$29 -> 0 | D69: =$B69*D$29 -> 0 | E69: =$B69*E$29 -> 0
A70: F -Multa do FGTS e contribuição social sobre o Aviso Prévio Trabalhado | B70: 0.0344 | C70: =$B70*C$29 -> 0 | D70: =$B70*D$29 -> 0 | E70: =$B70*E$29 -> 0
A71: TOTAL DO MÓDULO 3 (PROVISÃO PARA RESCISÃO) | B71: =SUM(B65:B70) -> 0.0636696 | C71: =SUM(C65:C70) -> 0 | D71: =SUM(D65:D70) -> 0 | E71: =SUM(E65:E70) -> 0
A73: MÓDULO 4: CUSTO DE REPOSIÇÃO DO PROFISSIONAL AUSENTE
A74: Submódulo 4.1 – Ausências Legais
A75: 4.1 - Substituto nas Ausências Legais | C75: Valor (R$) | D75: Valor (R$) | E75: Valor (R$)
A76: A - Substituto na Cobertura de Férias | B76: 0.0833 | C76: =$B76*(C$71+C$61+C$29) -> 0 | D76: =$B76*(D$71+D$61+D$29) -> 0 | E76: =$B76*(E$71+E$61+E$29) -> 0
A77: B - Substituto na Cobertura de Ausências Legais | B77: 0.0056 | C77: =$B77*(C$71+C$61+C$29) -> 0 | D77: =$B77*(D$71+D$61+D$29) -> 0 | E77: =$B77*(E$71+E$61+E$29) -> 0
A78: C - Substituto na Cobertura de Licença Paternidade | B78: 0.0005 | C78: =$B78*(C$71+C$61+C$29) -> 0 | D78: =$B78*(D$71+D$61+D$29) -> 0 | E78: =$B78*(E$71+E$61+E$29) -> 0
A79: D - Substituto na Cobertura de Ausência por Acidente de Trabalho | B79: 0.0002 | C79: =$B79*(C$71+C$61+C$29) -> 0 | D79: =$B79*(D$71+D$61+D$29) -> 0 | E79: =$B79*(E$71+E$61+E$29) -> 0
A80: E - Substituto na Cobertura de Afastamento Maternidade | B80: 0.0003 | C80: =$B80*(C$71+C$61+C$29) -> 0 | D80: =$B80*(D$71+D$61+D$29) -> 0 | E80: =$B80*(E$71+E$61+E$29) -> 0
A81: F - Substituto na Cobertura de Doenças | B81: 0.0067 | C81: =$B81*(C$71+C$61+C$29) -> 0 | D81: =$B81*(D$71+D$61+D$29) -> 0 | E81: =$B81*(E$71+E$61+E$29) -> 0
A82: G - Substituto na Cobertura de Outras Ausências (testemunho, doação de sangue, etc.) | B82: 0 | C82: =$B82*(C$71+C$61+C$29) -> 0 | D82: =$B82*(D$71+D$61+D$29) -> 0 | E82: =$B82*(E$71+E$61+E$29) -> 0
A83: TOTAL DOS CUSTOS DE REPOSIÇÃO DO PROFISSIONAL AUSENTE | B83: =SUM(B76:B82) -> 0.0966 | C83: =SUM(C76:C82) -> 0 | D83: =SUM(D76:D82) -> 0 | E83: =SUM(E76:E82) -> 0
A84: 4.2 - Incidência do Submódulo 2.2 sobre o Módulo 4 | B84: =B59*B83 -> 0.0258888 | C84: =$B84*(C$71+C$61+C$29) -> 0 | D84: =$B84*(D$71+D$61+D$29) -> 0 | E84: =$B84*(E$71+E$61+E$29) -> 0
A85: TOTAL DO MÓDULO 4 (CUSTO DE REPOSIÇÃO DO PROFISSIONAL AUSENTE) | B85: =B83+B84 -> 0.1224888 | C85: =C83+C84 -> 0 | D85: =D83+D84 -> 0 | E85: =E83+E84 -> 0
A87: MÓDULO 5: INSUMOS DIVERSOS
A88: 5 – INSUMOS DIVERSOS | C88: Valor (R$) | D88: Valor (R$) | E88: Valor (R$)
A89: A – Uniformes/EPI | C89: 0 | D89: 0 | E89: 0
A90: B – Materiais | C90: 0 | D90: 0 | E90: 0
A91: C – Equipamentos / Ferramentas | C91: 0 | D91: 0 | E91: 0
A92: D - Outros (especificar) | C92: 0 | D92: 0 | E92: 0
A93: TOTAL DO MÓDULO 5 (INSUMOS DIVERSOS) | C93: =SUM(C89:C92) -> 0 | D93: =SUM(D89:D92) -> 0 | E93: =SUM(E89:E92) -> 0
A95: QUADRO RESUMO DO CUSTO MENSAL POR EMPREGADO
A96: Mão-de-obra vinculada à execução contratual (valor por empregado) | C96: Valor (R$) | D96: Valor (R$) | E96: Valor (R$)
A97: A - MÓDULO 1 - COMPOSIÇÃO DA REMUNERAÇÃO | C97: =C29 -> 0 | D97: =D29 -> 0 | E97: =E29 -> 0
A98: B - MÓDULO 2 - ENCARGOS E BENEFÍCIOS ANUAIS, MENSAIS E DIÁRIOS | C98: =C61 -> 0 | D98: =D61 -> 0 | E98: =E61 -> 0
A99: C - MÓDULO 3 - PROVISÃO PARA RESCISÃO | C99: =C71 -> 0 | D99: =D71 -> 0 | E99: =E71 -> 0
A100: D – MÓDULO 4 - CUSTO DE REPOSIÇÃO DO PROFISSIONAL AUSENTE | C100: =C85 -> 0 | D100: =D85 -> 0 | E100: =E85 -> 0
A101: E - MÓDULO 5 - INSUMOS DIVERSOS | C101: =C93 -> 0 | D101: =D93 -> 0 | E101: =E93 -> 0
A102: VALOR TOTAL POR EMPREGADO | C102: =SUM(C97:C101) -> 0 | D102: =SUM(D97:D101) -> 0 | E102: =SUM(E97:E101) -> 0
A104: PERCENTUAL MENSAL POR EMPREGADO | C104: 0.5 | D104: 2 | E104: 2
A105: VALOR TOTAL MENSAL POR EMPREGADO | C105: =C102*C104 -> 0 | D105: =D102*D104 -> 0 | E105: =E102*E104 -> 0
A107: OBSERVAÇÃO: A LICITANTE É RESPONSÁVEL PELO CORRETO PREENCHIMENTO, INCLUSIVE QUANTO A VERIFICAÇÃO DE FÓRMULAS DE CÁLCULO DA PLANILHA.
A108: A licitante deve adotar a correta tributação à qual esteja vinculada e caso tenha havido erro, e a tributação real seja pela CPRB, será promovido o reequilíbrio dos valores pactuados para correção da falha, caso contrário a empresa deve arcar com o ônus de seu equívoco, conforme notas introdutórias das minutas padrão do INSS;
A109: Acórdão nº 1.186/2017 - Plenário, segundo o qual, nas licitações para contratação de mão de obra terceirizada, a Administração "deve estabelecer na minuta do contrato que a parcela mensal a título de aviso prévio trabalhado será no percentual máximo de 1,94% no primeiro ano, e, em caso de prorrogação do contrato, o percentual máximo dessa parcela será de 0,194% a cada ano de prorrogação, a ser incluído por ocasião da formulação do aditivo da prorrogação do contrato, conforme a Lei 12.506/2011" (Enunciado do Boletim de Jurisprudência nº 176/2017)

Sheet Anexo V-B.3Transporte_+_Diárias
A2: COTAÇÃO DE PREÇO DO DESLOCAMENTO
A3: COMPOSIÇÃO – CAMINHONETE CABINE SIMPLES COM MOTOR 1.6 FLEX, CÂMBIO MANUAL - 2 PORTAS - CHP DIURNO. (H)
A4: GRUPO | B4: CÓDIGO | C4: DESCRIÇÃO | G4: UNIDADE | H4: PREÇO UNITÁRIO | I4: ÍNDICE | J4: PREÇO TOTAL
A5: - | B5: - | C5: CAMINHONETE CABINE SIMPLES COM MOTOR 1.6 FLEX, CÂMBIO MANUAL - 2 PORTAS- DEPRECIAÇÃO. | G5: H | H5: =J26 -> 0 | I5: 1 | J5: =H5*I5 -> 0
A6: - | B6: - | C6: CAMINHONETE CABINE SIMPLES COM MOTOR 1.6 FLEX, CÂMBIO MANUAL - 2 PORTAS- JUROS. | G6: H | H6: =J30 -> 0 | I6: 1 | J6: =H6*I6 -> 0
A7: - | B7: - | C7: CAMINHONETE CABINE SIMPLES COM MOTOR 1.6 FLEX, CÂMBIO MANUAL - 2 PORTAS - IMPOSTOS E SEGUROS. | G7: H | H7: =J34 -> 0 | I7: 1 | J7: =H7*I7 -> 0
A8: - | B8: - | C8: CAMINHONETE CABINE SIMPLES COM MOTOR 1.6 FLEX, CÂMBIO MANUAL - 2 PORTAS- MANUTENÇÃO. | G8: H | H8: =J38 -> 0 | I8: 1 | J8: =H8*I8 -> 0
A9: - | B9: - | C9: CAMINHONETE CABINE SIMPLES COM MOTOR 1.6 FLEX, CÂMBIO MANUAL - 2 PORTAS - MATERIAIS NA OPERAÇÃO. | G9: H | H9: =J42 -> 0 | I9: 1 | J9: =H9*I9 -> 0
A10: TOTAL POR HORA PRODUTIVA | J10: =SUM(J5:J9) -> 0
A11: QUANTIDADE DE HORAS PRODUTIVAS | J11: 0
A12: ESTIMATIVA TOTAL DE HORAS PRODUTIVAS | J12: =J10*J11 -> 0
A14: COMPOSIÇÃO – CAMINHONETE CABINE SIMPLES COM MOTOR 1.6 FLEX, CÂMBIO MANUAL - 2 PORTAS - CHI DIURNO. (H)
A15: GRUPO | B15: CÓDIGO | C15: DESCRIÇÃO | G15: UNIDADE | H15: PREÇO UNITÁRIO | I15: ÍNDICE | J15: PREÇO TOTAL
A16: - | B16: - | C16: CAMINHONETE CABINE SIMPLES COM MOTOR 1.6 FLEX, CÂMBIO MANUAL - 2 PORTAS - DEPRECIAÇÃO | G16: H | H16: =J26 -> 0 | I16: 1 | J16: =H16*I16 -> 0
A17: - | B17: - | C17: CAMINHONETE CABINE SIMPLES COM MOTOR 1.6 FLEX, CÂMBIO MANUAL - 2 PORTAS - JUROS. | G17: H | H17: =J30 -> 0 | I17: 1 | J17: =H17*I17 -> 0
A18: - | B18: - | C18: CAMINHONETE CABINE SIMPLES COM MOTOR 1.6 FLEX, CÂMBIO MANUAL - 2 PORTAS - IMPOSTOS E SEGUROS. | G18: H | H18: =J34 -> 0 | I18: 1 | J18: =H18*I18 -> 0
A19: TOTAL POR HORA IMPRODUTIVA | J19: =SUM(J16:J18) -> 0
A20: QUANTIDADE DE HORAS IMPRODUTIVAS | J20: 0
A21: ESTIMATIVA TOTAL DE HORAS IMPRODUTIVAS | J21: =J19*J20 -> 0
A24: CAMINHONETE CABINE SIMPLES COM MOTOR 1.6 FLEX, CÂMBIO MANUAL - 2 PORTAS - DEPRECIAÇÃO. (H)
A25: DESCRIÇÃO | G25: UNIDADE | H25: COEFICIENTE | I25: CUSTO UNITÁRIO VEÍCULO | J25: CUSTO TOTAL
A26: CAMINHONETE CABINE SIMPLES COM MOTOR 1.6 FLEX, CÂMBIO MANUAL - 2 PORTAS | G26: UN | H26: 4.8e-05 | I26: 0 | J26: =TRUNC((H26*I26),2) -> 0
A28: CAMINHONETE CABINE SIMPLES COM MOTOR 1.6 FLEX, CÂMBIO MANUAL - 2 PORTAS - JUROS. (H)
A29: DESCRIÇÃO | G29: UNIDADE | H29: COEFICIENTE | I29: CUSTO UNITÁRIO VEÍCULO | J29: CUSTO TOTAL
A30: CAMINHONETE CABINE SIMPLES COM MOTOR 1.6 FLEX, CÂMBIO MANUAL - 2 PORTAS | G30: UN | H30: 1.48e-05 | I30: 0 | J30: =TRUNC((H30*I30),2) -> 0
A32: CAMINHONETE CABINE SIMPLES COM MOTOR 1.6 FLEX, CÂMBIO MANUAL - 2 PORTAS - IMPOSTOS E SEGUROS. (H)
A33: DESCRIÇÃO | G33: UNIDADE | H33: COEFICIENTE | I33: CUSTO UNITÁRIO VEÍCULO | J33: CUSTO TOTAL
A34: CAMINHONETE CABINE SIMPLES COM MOTOR 1.6 FLEX, CÂMBIO MANUAL - 2 PORTAS | G34: UN | H34: 6e-06 | I34: 0 | J34: =TRUNC((H34*I34),2) -> 0
A36: CAMINHONETE CABINE SIMPLES COM MOTOR 1.6 FLEX, CÂMBIO MANUAL - 2 PORTAS - MANUTENÇÃO. (H)
A37: DESCRIÇÃO | G37: UNIDADE | H37: COEFICIENTE | I37: CUSTO UNITÁRIO VEÍCULO | J37: CUSTO TOTAL
A38: CAMINHONETE CABINE SIMPLES COM MOTOR 1.6 FLEX, CÂMBIO MANUAL - 2 PORTAS | G38: UN | H38: 6e-05 | I38: 0 | J38: =TRUNC((H38*I38),2) -> 0
A40: CAMINHONETE CABINE SIMPLES COM MOTOR FLEX, CÂMBIO MANUAL, 2 PORTAS - MATERIAIS NA OPERAÇÃO. (H)
A41: DESCRIÇÃO | G41: UNIDADE | H41: COEFICIENTE | I41: CUSTO UNITÁRIO | J41: CUSTO TOTAL
A42: Gasolina Comum | G42: L | H42: 6.69 | I42: 0 | J42: =TRUNC((H42*I42),2) -> 0
A45: RESUMO DAS ESTIMATIVAS DE DESLOCAMENTOS E DIÁRIAS
A46: ITEM | B46: DESCRIÇÃO | E46: QUANTIDADE MENSAL | F46: PREÇO UNITÁRIO | G46: CUSTO MENSAL (SEM BDI) | H46: QUANTIDADE ANUAL | I46: VALOR ANUAL (SEM BDI) | J46: %
A47: 1 | B47: ESTIMATIVA DE PERNOITE E ALIMENTAÇÃO (JANTAR) | E47: 0 | F47: 0 | G47: =E47*F47 -> 0 | H47: =E47*12 -> 0 | I47: =F47*H47 -> 0 | J47: =I47/G53 -> #DIV/0!
A48: 2 | B48: ESTIMATIVA - PEDÁGIO E OUTRAS TARIFAS | E48: 0 | F48: 0 | G48: =E48*F48 -> 0 | H48: =E48*12 -> 0 | I48: =F48*H48 -> 0 | J48: =I48/G53 -> #DIV/0!
A49: 3 | B49: ESTIMATIVA P/DESPESAS C/TRANSPORTE - ÔNIBUS RODOVIÁRIO | E49: 0 | F49: 0 | G49: =E49*F49 -> 0 | H49: =E49*12 -> 0 | I49: =F49*H49 -> 0 | J49: =I49/G53 -> #DIV/0!
A50: 4 | B50: ESTIMATIVA TOTAL DE HORAS PRODUTIVAS DESLOCAMENTO VEÍCULO MANUTENÇÃO AR CONDICIONADO | E50: 0 | F50: 0 | G50: =E50*F50 -> 0 | H50: =E50*12 -> 0 | I50: =F50*H50 -> 0 | J50: =I50/G53 -> #DIV/0!
A51: 5 | B51: ESTIMATIVA TOTAL DE HORAS IMPRODUTIVAS DESLOCAMENTO VEÍCULO MANUTENÇÃO AR CONDICIONADO | E51: 0 | F51: 0 | G51: =E51*F51 -> 0 | H51: =E51*12 -> 0 | I51: =F51*H51 -> 0 | J51: =I51/G53 -> #DIV/0!
A53: ESTIMATIVA TOTAL ANUAL | G53: =SUM(I47:I51) -> 0
A54: ESTIMATIVA TOTAL MENSAL | G54: =G53/12 -> 0

Sheet Anexo V-B.4-Materiais_e_Ins
A2: ANEXO V-B.4 – MODELO PLANILHA DE CUSTOS DE MATERIAIS E INSUMOS - Por ano
A4: PLANILHA ESTIMATIVA DE CUSTOS DE MATERIAIS E INSUMOS
A6: ITEM | B6: DESCRIÇÃO | E6: UNID | F6: QUANTIDADE | G6: PREÇO UNITÁRIO S/BDI | H6: PREÇO PARCIAL ( C/BDI) | I6: BDI | J6: Preço Unitário ( C/BDI ) | K6: PREÇO TOTAL ( C/BDI)
A9: 1 | B9: MATERIAIS / COMPONENTES DE DRENAGEM | H9: =SUM(H10:H28) -> 0 | K9: =SUM(K10:K28) -> 0
A10: 1.1 | B10: CURVA DE PVC 90 GRAUS, SOLDAVEL, 20 MM, COR MARROM, PARA AGUA FRIA PREDIAL | E10: UN | F10: 7 | G10: 0 | H10: =F10*G10 -> 0 | I10: ='Anexo V-B.8- BDI'!I31 -> 0 | J10: =G10*(1+$I$10) -> 0 | K10: =J10*F10 -> 0
A11: 1.2 | B11: CURVA DE PVC 90 GRAUS, SOLDAVEL, 25 MM, COR MARROM, PARA AGUA FRIA PREDIAL | E11: UN | F11: 8 | G11: 0 | H11: =F11*G11 -> 0 | J11: =G11*(1+$I$10) -> 0 | K11: =J11*F11 -> 0
A12: 1.3 | B12: CURVA DE PVC 90 GRAUS, SOLDAVEL, 32 MM, COR MARROM, PARA AGUA FRIA PREDIAL | E12: UN | F12: 5 | G12: 0 | H12: =F12*G12 -> 0 | J12: =G12*(1+$I$10) -> 0 | K12: =J12*F12 -> 0
A13: 1.4 | B13: TUBO PVC, SOLDAVEL, DE 20 MM, AGUA FRIA (NBR-5648) | E13: M | F13: 22.996845 | G13: 0 | H13: =F13*G13 -> 0 | J13: =G13*(1+$I$10) -> 0 | K13: =J13*F13 -> 0
A14: 1.5 | B14: TUBO PVC, SOLDAVEL, DE 25 MM, AGUA FRIA (NBR-5648) | E14: M | F14: 51 | G14: 0 | H14: =F14*G14 -> 0 | J14: =G14*(1+$I$10) -> 0 | K14: =J14*F14 -> 0
A15: 1.6 | B15: TUBO PVC, SOLDAVEL, DE 32 MM, AGUA FRIA (NBR-5648) | E15: M | F15: 8 | G15: 0 | H15: =F15*G15 -> 0 | J15: =G15*(1+$I$10) -> 0 | K15: =J15*F15 -> 0
A16: 1.7 | B16: JOELHO, PVC SOLDAVEL, 45 GRAUS, 20 MM, COR MARROM, PARA AGUA FRIA PREDIAL | E16: UN | F16: 7 | G16: 0 | H16: =F16*G16 -> 0 | J16: =G16*(1+$I$10) -> 0 | K16: =J16*F16 -> 0
A17: 1.8 | B17: JOELHO, PVC SOLDAVEL, 45 GRAUS, 25 MM, COR MARROM, PARA AGUA FRIA PREDIAL | E17: UN | F17: 9 | G17: 0 | H17: =F17*G17 -> 0 | J17: =G17*(1+$I$10) -> 0 | K17: =J17*F17 -> 0
A18: 1.9 | B18: JOELHO, PVC SOLDAVEL, 45 GRAUS, 32 MM, COR MARROM, PARA AGUA FRIA PREDIAL | E18: UN | F18: 5 | G18: 0 | H18: =F18*G18 -> 0 | J18: =G18*(1+$I$10) -> 0 | K18: =J18*F18 -> 0
A19: 1.10 | B19: TE SOLDAVEL, PVC, 90 GRAUS, 20 MM, PARA AGUA FRIA PREDIAL (NBR 5648) | E19: UN | F19: 10 | G19: 0 | H19: =F19*G19 -> 0 | J19: =G19*(1+$I$10) -> 0 | K19: =J19*F19 -> 0
A20: 1.11 | B20: TE SOLDAVEL, PVC, 90 GRAUS, 25 MM, PARA AGUA FRIA PREDIAL (NBR 5648) | E20: UN | F20: 14 | G20: 0 | H20: =F20*G20 -> 0 | J20: =G20*(1+$I$10) -> 0 | K20: =J20*F20 -> 0
A21: 1.12 | B21: TE SOLDAVEL, PVC, 90 GRAUS, 32 MM, PARA AGUA FRIA PREDIAL (NBR 5648) | E21: UN | F21: 7 | G21: 0 | H21: =F21*G21 -> 0 | J21: =G21*(1+$I$10) -> 0 | K21: =J21*F21 -> 0
A22: 1.13 | B22: TE DE REDUCAO, PVC, SOLDAVEL, 90 GRAUS, 32 MM X 25 MM, PARA AGUA FRIA PREDIAL | E22: UN | F22: 7 | G22: 0 | H22: =F22*G22 -> 0 | J22: =G22*(1+$I$10) -> 0 | K22: =J22*F22 -> 0
... A28: 1.20 | B28: LUVA DE REDUCAO SOLDAVEL, PVC, 32 MM X 25 MM, PARA AGUA FRIA PREDIAL | E28: UN | F28: 14 | G28: 0 | H28: =F28*G28 -> 0 | J28: =G28*(1+$I$10) -> 0 | K28: =J28*F28 -> 0
A29: 2 | B29: MATERIAIS DE CONSUMO GERAIS | H29: =SUM(H30:H41) -> 0 | K29: =SUM(K30:K41) -> 0
A30: 2.1 | B30: SOLDA EM VARETA FOSCOPER, D = *2,5* MM X COMPRIMENTO 500 MM | E30: KG | F30: 2 | G30: 0 | H30: =F30*G30 -> 0 | I30: ='Anexo V-B.8- BDI'!I31 -> 0 | J30: =G30*(1+$I$30) -> 0 | K30: =J30*F30 -> 0
A31: 2.2 | B31: PASTA PARA SOLDA DE TUBOS E CONEXOES DE COBRE (EMBALAGEM COM 250 G) | E31: UN | F31: 3 | G31: 0 | H31: =F31*G31 -> 0 | J31: =G31*(1+$I$30) -> 0 | K31: =J31*F31 -> 0
A32: 2.3 | B32: Cilindro refil de gás MAPP bernzomatic - 400g | E32: UN | F32: 7 | G32: 0 | H32: =F32*G32 -> 0 | J32: =G32*(1+$I$30) -> 0 | K32: =J32*F32 -> 0
A33: 2.4 | B33: ESTOPA | E33: KG | F33: 10 | G33: 0 | H33: =F33*G33 -> 0 | J33: =G33*(1+$I$30) -> 0 | K33: =J33*F33 -> 0
A34: 2.5 | B34: TRINCHA CERDAS GRIS 1.1/2" (38 MM) | E34: UN | F34: 5 | G34: 0 | H34: =F34*G34 -> 0 | J34: =G34*(1+$I$30) -> 0 | K34: =J34*F34 -> 0
A35: 2.6 | B35: Manta Filtrante Classe G3/G4 - Rolo 20 Metros | E35: UN | F35: 1 | G35: 0 | H35: =F35*G35 -> 0 | J35: =G35*(1+$I$30) -> 0 | K35: =J35*F35 -> 0
A36: 2.7 | B36: DETERGENTE NEUTRO USO GERAL, CONCENTRADO | E36: L | F36: 12 | G36: 0 | H36: =F36*G36 -> 0 | J36: =G36*(1+$I$30) -> 0 | K36: =J36*F36 -> 0
A37: 2.8 | B37: CLORO LÍQUIDO | E37: L | F37: 12 | G37: 0 | H37: =F37*G37 -> 0 | J37: =G37*(1+$I$30) -> 0 | K37: =J37*F37 -> 0
A38: 2.9 | B38: FITA ISOLANTE DE BORRACHA AUTOFUSAO, USO ATE 69 KV (ALTA TENSAO), LARGURA DE 19 MM | E38: UN | F38: 12 | G38: 0 | H38: =F38*G38 -> 0 | J38: =G38*(1+$I$30) -> 0 | K38: =J38*F38 -> 0
A39: 2.10 | B39: FITA ISOLANTE ADESIVA ANTICHAMA, USO ATE 750 V, EM ROLO DE 19 MM X 20 M | E39: UN | F39: 12 | G39: 0 | H39: =F39*G39 -> 0 | J39: =G39*(1+$I$30) -> 0 | K39: =J39*F39 -> 0
A40: 2.11 | B40: Fita PVC 10m x 0,10m Branca para isolamento das linhas dos sistema de ar condicionado | E40: UN | F40: 20 | G40: 0 | H40: =F40*G40 -> 0 | J40: =G40*(1+$I$30) -> 0 | K40: =J40*F40 -> 0
A41: 2.12 | B41: Pilha ou bateria para controle remoto | E41: UN | F41: 40 | G41: 0 | H41: =F41*G41 -> 0 | J41: =G41*(1+$I$30) -> 0 | K41: =J41*F41 -> 0
A42: TOTAL ANUAL | H42: =H9+H29 -> 0 | K42: =K9+K29 -> 0
A43: TOTAL MENSAL | H43: =H42/12 -> 0 | K43: =K42/12 -> 0
A45: *OBS: A QUANTIDADE DE MATERIAL É UMA ESTIMATIVA QUE NÃO IMPEDE A UTILIZAÇÃO DE OUTROS MATERIAIS NÃO LISTADOS NESTA RELAÇÃO DEPENDENDO DA NECESSIDADE.
A46: IMPORTANTE: O CORRETO PREENCHIMENTO DAS PLANILHAS, INCLUSIVE QUANTO A FÓRMULAS, É DE RESPONSABILIDADE ÚNICA E EXCLUSIVA DA LICITANTE.

Sheet Anexo V-B.5- Equipam. Trabalh
A2: ANEXO V-B.5 – PLANILHA DE CUSTOS EQUIPAMENTOS GERAIS - Por equipe
A4: PLANILHA ESTIMATIVA DE CUSTOS DE EQUIPAMENTOS GERAIS
A6: ITEM | B6: DESCRIÇÃO | E6: UNID | F6: QUANTIDADE | G6: Custo Mensal Unitário (R$/mês) S/BDI | H6: PREÇO PARCIAL ( S/BDI) | I6: BDI | J6: Custo Mensal (R$/mês) C/BDI | K6: PREÇO TOTAL ( C/BDI)
A9: 1 | B9: EQUIPAMENTOS GERAIS / EQUIPAMENTOS DE PROTEÇÃO E SINALIZAÇÃO
A10: 1.1 | B10: CONE DE SINALIZACAO EM PVC RIGIDO COM FAIXA REFLETIVA, H = 70 / 76 CM | E10: UN | F10: 8 | G10: 0 | H10: =F10*G10 -> 0 | I10: ='Anexo V-B.8- BDI'!I31 -> 0 | J10: =G10*(1+$I$10) -> 0 | K10: =J10*F10 -> 0
A11: 1.2 | B11: CORDA DE POLIAMIDA 12 MM TIPO BOMBEIRO, PARA TRABALHO EM ALTURA (100M) | E11: UN | F11: 1 | G11: 0 | H11: =F11*G11 -> 0 | J11: =G11*(1+$I$10) -> 0 | K11: =J11*F11 -> 0
A12: 1.3 | B12: CABO DE ACO GALVANIZADO, DIAMETRO 12,7 MM (1/2"), COM ALMA DE FIBRA 6 X 25 F | E12: KG | F12: 6 | G12: 0 | H12: =F12*G12 -> 0 | J12: =G12*(1+$I$10) -> 0 | K12: =J12*F12 -> 0
A13: 1.4 | B13: TABUA APARELHADA *2,5 X 25* CM, EM MACARANDUBA/MASSARANDUBA, ANGELIM OU EQUIVALENTE DA REGIAO | E13: M | F13: 5 | G13: 0 | H13: =F13*G13 -> 0 | J13: =G13*(1+$I$10) -> 0 | K13: =J13*F13 -> 0
A14: 1.5 | B14: BOMBA DE VÁCUO 12 CFM DUPLO ESTÁGIO BIVOLT | E14: UN | F14: 1 | G14: 0 | H14: =F14*G14 -> 0 | J14: =G14*(1+$I$10) -> 0 | K14: =J14*F14 -> 0
A15: 1.6 | B15: LAVADORA DE ALTA PRESSAO (LAVA - JATO) PARA AGUA FRIA, PRESSAO DE OPERACAO ENTRE 1400 E 1900 LIB/POL2, VAZAO MAXIMA ENTRE 400 E 700 L/H, POTENCIA DE OPERACAO ENTRE 2,50 E 3,00 CV | E15: UN | F15: 1 | G15: 0 | H15: =F15*G15 -> 0 | J15: =G15*(1+$I$10) -> 0 | K15: =J15*F15 -> 0
A16: 1.7 | B16: KIT MAÇARICO PORTÁTIL PARA SOLDA SERVIÇOS AR CONDICIONADO | E16: UN | F16: 1 | G16: 0 | H16: =F16*G16 -> 0 | J16: =G16*(1+$I$10) -> 0 | K16: =J16*F16 -> 0
A17: 1.8 | B17: ESCADA EXTENSIVEL EM ALUMINIO, COM SAPATAS DE BORRACHA, ALTURA FECHADA 3,60 M, ALTURA ESTENDIDA DE 6,0 A 6,30 M, LARGURA MINIMA DE 35 CM, CACIDADE *120* KG | E17: UN | F17: 1 | G17: 0 | H17: =F17*G17 -> 0 | J17: =G17*(1+$I$10) -> 0 | K17: =J17*F17 -> 0
A18: TOTAL ANUAL | H18: =12*SUM(H10:H17) -> 0 | K18: =12*SUM(K10:K17) -> 0
A19: TOTAL MENSAL | H19: =H18/12 -> 0 | K19: =K18/12 -> 0
A21: *OBS: A QUANTIDADE DE MATERIAL É UMA ESTIMATIVA QUE NÃO IMPEDE A UTILIZAÇÃO DE OUTROS MATERIAIS NÃO LISTADOS NESTA RELAÇÃO DEPENDENDO DA NECESSIDADE.
A22: IMPORTANTE: O CORRETO PREENCHIMENTO DAS PLANILHAS, INCLUSIVE QUANTO A FÓRMULAS, É DE RESPONSABILIDADE ÚNICA E EXCLUSIVA DA LICITANTE.
A23: O CUSTO MENSAL UNITÁRIO ESTÁ RELACIONADO AO VALOR DO OBJETO DIVIDIDO POR SEU TEMPO DE VIDA ÚTIL.

Sheet Anexo V-B.6 - Peças sob Demanda
E1: =#REF! -> #REF! | F1: =#REF! -> #REF! | G1: =#REF! -> #REF! | H1: =#REF! -> #REF! | J1: =#REF! -> #REF! | K1: =#REF! -> #REF!
D2: =#REF! -> #REF! | E2: =#REF! -> #REF! | F2: =#REF! -> #REF! | G2: =#REF! -> #REF! | H2: =#REF! -> #REF! | J2: =#REF! -> #REF! | K2: =#REF! -> #REF!
D3: =#REF! -> #REF! | E3: =#REF! -> #REF! | F3: =#REF! -> #REF! | G3: =#REF! -> #REF! | H3: =#REF! -> #REF! | J3: =#REF! -> #REF! | K3: =#REF! -> #REF!
D4: =#REF! -> #REF! | E4: =#REF! -> #REF! | F4: =#REF! -> #REF! | G4: =#REF! -> #REF! | H4: =#REF! -> #REF! | J4: =#REF! -> #REF! | K4: =#REF! -> #REF!
A6: ANEXO V-B.6 – PLANILHA DE CUSTOS DE PEÇAS SOB DEMANDA
A8: DESCONTO OFERECIDO PELA LICITANTE EM PERCENTUAL | K8: 0
A10: PLANILHA ESTIMATIVA DE CUSTOS DE PEÇAS SOB DEMANDA
A12: ITEM | B12: GRUPO | C12: CÓDIGO | D12: DESCRIÇÃO | E12: UNID | F12: QUANTIDADE | G12: PREÇO UNITÁRIO S/BDI | H12: TOTAL S/BDI | I12: BDI | J12: PREÇO UNITÁRIO C/BDI | K12: TOTAL C/BDI
A15: 1 | B15: PEÇAS / COMPONENTES
A16: 1.1 | B16: CAPACITORES PARA APARELHOS DE AR CONDICIONADO COM CAPACIDADE DE 9.000 A 12.000 Btus | E16: UN | F16: 32 | G16: 0 | H16: =F16*G16 -> 0 | I16: ='Anexo V-B.8- BDI'!I31 -> 0 | J16: =G16*(1+$I$16) -> 0 | K16: =F16*J16 -> 0
A17: 1.2 | B17: CAPACITORES PARA APARELHOS DE AR CONDICIONADO COM CAPACIDADE DE 18.000 A 30.000 Btus | E17: UN | F17: 25 | G17: 0 | H17: =F17*G17 -> 0 | J17: =G17*(1+$I$16) -> 0 | K17: =F17*J17 -> 0
A18: 1.3 | B18: CAPACITORES PARA APARELHOS DE AR CONDICIONADO COM CAPACIDADE DE 36.000 A 60.000 Btus | E18: UN | F18: 23 | G18: 0 | H18: =F18*G18 -> 0 | J18: =G18*(1+$I$16) -> 0 | K18: =F18*J18 -> 0
A19: 1.4 | B19: CONTATOR TRIPOLAR, CORRENTE DE 25 A, TENSAO NOMINAL DE *500* V, CATEGORIA AC-2 E AC-3 | E19: UN | F19: 4 | G19: 0 | H19: =F19*G19 -> 0 | J19: =G19*(1+$I$16) -> 0 | K19: =F19*J19 -> 0
A20: 1.5 | B20: CONTATOR TRIPOLAR, CORRENTE DE 32 A, TENSAO NOMINAL DE *500* V, CATEGORIA AC-2 E AC-3 | E20: UN | F20: 4 | G20: 0 | H20: =F20*G20 -> 0 | J20: =G20*(1+$I$16) -> 0 | K20: =F20*J20 -> 0
A21: 1.6 | B21: CONTATOR TRIPOLAR, CORRENTE DE 45 A, TENSAO NOMINAL DE *500* V, CATEGORIA AC-2 E AC-3 | E21: UN | F21: 2 | G21: 0 | H21: =F21*G21 -> 0 | J21: =G21*(1+$I$16) -> 0 | K21: =F21*J21 -> 0
A22: 1.7 | B22: PLACA ELETRÔNICA PRINCIPAL PARA APARELHOS DE AR CONDICIONADO DE QUALQUER CAPACIDADE | E22: UN | F22: 16 | G22: 0 | H22: =F22*G22 -> 0 | J22: =G22*(1+$I$16) -> 0 | K22: =F22*J22 -> 0
A23: 1.8 | B23: PLACA ELETRÔNICA UNIVERSAL COM CONTROLE PARA APARELHOS DE AR CONDICIONADO DE QUALQUER CAPACIDADE | E23: UN | F23: 16 | G23: 0 | H23: =F23*G23 -> 0 | J23: =G23*(1+$I$16) -> 0 | K23: =F23*J23 -> 0
A24: 1.9 | B24: SENSOR DE TEMPERATURA | E24: UN | F24: 22 | G24: 0 | H24: =F24*G24 -> 0 | J24: =G24*(1+$I$16) -> 0 | K24: =F24*J24 -> 0
A25: 1.10 | B25: COMPRESSOR PARA AR CONDICIONADO ATÉ 9.000 BTU/H | E25: UN | F25: 3 | G25: 0 | H25: =F25*G25 -> 0 | J25: =G25*(1+$I$16) -> 0 | K25: =F25*J25 -> 0
A26: 1.11 | B26: COMPRESSOR PARA AR CONDICIONADO DE 12.000 BTU/H. | E26: UN | F26: 11 | G26: 0 | H26: =F26*G26 -> 0 | J26: =G26*(1+$I$16) -> 0 | K26: =F26*J26 -> 0
A27: 1.12 | B27: COMPRESSOR PARA AR CONDICIONADO DE 18.000 BTU/H | E27: UN | F27: 6 | G27: 0 | H27: =F27*G27 -> 0 | J27: =G27*(1+$I$16) -> 0 | K27: =F27*J27 -> 0
A28: 1.13 | B28: COMPRESSOR PARA AR CONDICIONADO DE 24.000 BTU/H | E28: UN | F28: 3 | G28: 0 | H28: =F28*G28 -> 0 | J28: =G28*(1+$I$16) -> 0 | K28: =F28*J28 -> 0
... A84: 1.69 | B84: GÁS REFRIGERANTE R32 | E84: KG | F84: 26 | G84: 0 | H84: =F84*G84 -> 0 | J84: =G84*(1+$I$16) -> 0 | K84: =F84*J84 -> 0
A85: TOTAL ANUAL | H85: =SUM(H16:H84) -> 0 | K85: =SUM(K16:K84) -> 0
A86: TOTAL MENSAL | H86: =H85/12 -> 0 | K86: =K85/12 -> 0
A88: *OBS: A QUANTIDADE DE MATERIAL DESTA LISTA É UMA ESTIMATIVA.
A89: IMPORTANTE: O CORRETO PREENCHIMENTO DAS PLANILHAS, INCLUSIVE QUANTO A FÓRMULAS, É DE RESPONSABILIDADE ÚNICA E EXCLUSIVA DA LICITANTE.
A90: O percentual de desconto ofertado pela licitante deverá incidir linearmente sobre as planilhas de composições de custos, preços unitários com BDI utilizados na formação dos preços das Peças e dos serviços sob demanda, preservando-se a proporcionalidade entre os componentes da composição de custos e a coerência entre a proposta comercial e a futura execução contratual.

Sheet Anexo V-B.7- Serviços_Eventuais
A2: ANEXO V- B.7– PLANILHA DE CUSTOS DOS SERVIÇOS EVENTUAIS
A5: PLANILHA DE CUSTOS DOS SERVIÇOS EVENTUAIS
A6: Item | B6: Descrição | E6: Unid. | F6: Quant. | G6: Preço Unitário (R$) S/ BDI | H6: Preço Total ( S/BDI) | I6: BDI | J6: Preço Unitário C/ BDI | K6: Preço Total C/ BDI (R$)
A8: 2 | B8: SERVIÇOS PRELIMINARES
A9: 2.1 | B9: Serviços de Coleta e Análise Bacteriológica e Microbiológica do Ar - Anexo V | E9: SV | F9: 198 | G9: 0 | H9: =F9*G9 -> 0 | I9: 0 | J9: =G9*(1+$I$9) -> 0 | K9: =F9*J9 -> 0
A10: 2.2 | B10: Limpeza e dutos de ar condicionado/renovação de ar e exaustores | E10: M | F10: 200 | G10: 0 | H10: =F10*G10 -> 0 | J10: =G10*(1+$I$9) -> 0 | K10: =F10*J10 -> 0 | N10: Considerou duas limpezas por ano sendo 50 metros de dutos
A12: TOTAL GERAL ANUAL S/ BDI (R$) = | H12: =H9+H10 -> 0
A13: TOTAL MENSAL S/ BDI (R$) = | H13: =H12/12 -> 0
A15: TOTAL GERAL ANUAL C/ BDI (R$) = | H15: =K9+K10 -> 0
A16: TOTAL MENSAL C/ BDI (R$) = | H16: =H15/12 -> 0
A18: DESCONTO OFERECIDO PELA LICITANTE EM PERCENTUAL | H18: 0

Sheet Anexo V-B.8- BDI
A2: ANEXO V-B.8 - MODELO DE COMPOSIÇÃO DA TAXA DE BDI
A4: REGIME ADOTADO | D4: DESONERADO ( ) NÃO DESONERADO ( )
A6: CÁLCULO DO B D I REFERENCIAL | F6: CÁLCULO DO B D I DIFERENCIADO
A7: (SERVIÇOS PREVENTIVOS E CORRETIVOS) | F7: (SERVIÇOS PREVENTIVOS E CORRETIVOS)
A9: COMPONENTE | D9: INCIDÊNCIA | F9: COMPONENTE | I9: INCIDÊNCIA
A10: A | C10: DESPESAS INDIRETAS | F10: A | H10: DESPESAS INDIRETAS
B11: 1 | C11: Administração Central | D11: 0 | G11: 1 | H11: Administração Central | I11: 0
B12: 2 | C12: Seguros + Garantias | D12: 0 | G12: 2 | H12: Seguros + Garantias | I12: 0
B13: 3 | C13: Riscos | D13: 0 | G13: 3 | H13: Riscos | I13: 0
B14: 4 | C14: Despesas Financeiras | D14: 0 | G14: 4 | H14: Despesas Financeiras | I14: 0
A17: B | C17: TRIBUTOS | F17: B | H17: TRIBUTOS
B18: 1 | C18: COFINS - Contribuição financiamento seguridade social | D18: 0 | G18: 1 | H18: COFINS - Contribuição financiamento seguridade social | I18: 0
B19: 2 | C19: PIS - Programa de Integração Social | D19: 0 | G19: 2 | H19: PIS - Programa de Integração Social | I19: 0
B20: 3 | C20: ISS - Imposto sobre serviço de qualquer natureza | D20: 0 | G20: 3 | H20: ISS - Imposto sobre serviço de qualquer natureza | I20: 0
B21: 4 | C21: Contribuição Previdenciária sobre Receita Bruta ( CPRB) | D21: 0 | G21: 4 | H21: Contribuição Previdenciária sobre Receita Bruta ( CPRB) | I21: 0
A24: C | C24: BONIFICAÇÃO | F24: C | H24: BONIFICAÇÃO
B25: 1 | C25: Lucro | D25: 0 | G25: 1 | H25: Lucro | I25: 0
B26: 2 | G26: 2
B27: 3 | G27: 3
B28: 4 | G28: 4
A31: B D I CALCULADO (%) | D31: =(((1+(D11+D12+D13))*(1+D14)*(1+D25))/(1-(D18+D19+D20+D21))-1) -> 0 | F31: B D I CALCULADO (%) | I31: =(((1+(I11+I12+I13))*(1+I14)*(1+I25))/(1-(I18+I19+I20+I21))-1) -> 0
A33: Observação
A34: A licitante deve adotar a correta tributação à qual esteja vinculada e caso tenha havido erro, e a tributação real seja pela CPRB, será promovido o reequilíbrio dos valores pactuados para correção da falha, caso contrário a empresa deve arcar com o ônus de seu equívoco, conforme notas introdutórias das minutas padrão do INSS;
A35: (*) % % de ISS adotado: A licitante deverá informar, na composição do BDI, a alíquota de ISSQN adotada e seu respectivo fundamento legal, mediante indicação da legislação aplicável.
A36: Obs.: Os índices utilizados foram colhidos do ACÓRDÃO Nº 2622/2013 – TCU – Plenário.
A38: FÓRMULA UTILIZADA PARA CÁLCULO DO BDI
A40: AC | B40: Taxa representativa das despesas de rateio da Administração Central
A41: S | B41: Taxa representativa de Seguros
A42: R | B42: Taxa representativa de Riscos
A43: G | B43: Taxa representativa de Garantias
A44: DF | B44: Taxa representativa das Despesas Financeiras
A45: L | B45: Taxa representativa do Lucro
A46: I | B46: Taxa representativa da incidência de Impostos
B47: Taxa representativa da incidência de impostos é aplicada sobre o preço de venda da prestação do serviço, enquanto que as demais taxas são aplicadas sobre o custo.
